 Dungeon Sprint DCSS version 0.26-a0-474-gfaca0e1de5 (webtiles) character file.

Game seed: 17283698745234613139

98 Baz the Cleaver (level 4, -5/66 HPs)
             Began as a Hill Orc Berserker on July 31, 2020.
             Was a Priest of Trog.
             Slain by a deep elf mage
             ... wielding a +2 long sword of holy wrath
              (7 damage)
             ... in the Dungeon (Sprint III: "The Ten Rune Challenge").
             The game lasted 00:01:10 (535 turns).

Baz the Cleaver (Hill Orc Berserker)                 Turns: 535, Time: 00:01:11

Health: -5/66      AC:  2    Str: 20    XL:     4   Next: 69%
Magic:  4/4        EV: 13    Int:  7    God:    Trog [***...]
Gold:   12         SH:  0    Dex: 10    Spells: 3/3 levels left

rFire    . . .     SeeInvis .   a - +0 hand axe
rCold    . . .     Faith    .   (no shield)
rNeg     . . .     Spirit   .   b - +0 animal skin
rPois    .         Reflect  .   (no helmet)
rElec    .         Harm     .   (no cloak)
rCorr    .         NoTele   +   (no gloves)
MR       .....                  (no boots)
Stlth    ..........             (no amulet)
HPRegen  0.21/turn              (no ring)
MPRegen  0.09/turn              (no ring)

@: berserking, very quick
A: no striking features
a: Berserk, Trog's Hand, Renounce Religion


You were in the Dungeon.
You worshipped Trog.
Trog was most pleased with you.
You visited 1 branch You collected 12 gold pieces.

Inventory:

Hand Weapons
 a - a +0 hand axe (weapon)
Armour
 b - a +0 animal skin (worn)
Scrolls
 h - a scroll of blinking
Potions
 c - a potion of curing
 d - a potion of heal wounds
 e - a potion of haste
 f - 2 potions of magic
 g - a potion of berserk rage


   Skills:
 + Level 6.2 Fighting
 * Level 8.3 Axes
 + Level 4.6 Armour
 + Level 3.4 Dodging


You had 3 spell levels left.
You didn't know any spells.
Your spell library was empty.

Dungeon Overview and Level Annotations

Branches:
Dungeon (1/1)

Altars:
Elyvilon
Zin
The Shining One


Message History

The deep elf mage is moderately wounded.
The deep elf mage hits you with a +2 long sword of holy wrath!
* * * LOW HITPOINT WARNING * * *
You barely miss the deep elf mage.
The deep elf mage is moderately wounded.
You barely miss the deep elf mage.
The deep elf mage is moderately wounded.
The deep elf mage hits you with a +2 long sword of holy wrath.
* * * LOW HITPOINT WARNING * * *
You hit the deep elf mage.
The deep elf mage is moderately wounded.
You miss the deep elf mage.
The deep elf mage is moderately wounded.
The deep elf mage barely misses you.
You slash the deep elf mage!
The deep elf mage is severely wounded.
You slash the deep elf mage!
The deep elf mage is almost dead.
The deep elf mage hits you with a +2 long sword of holy wrath!
You die...

▓▓▓ +....♣♣♣ ♣.#####
#...... ♣♣.#___#
###.....♣♣ ..#e@.#
..#....≈.♣♣♣♣.###'#+###+#
..#...≈≈♣.....#..........
.)#..≈≈≈≈..♣♣.'.⌠........
#'#..≈≈≈≈≈≈...#...######+
†.#.≈≈≈≈≈≈....#.⌠.#
..#.≈≈≈≈≈.....#...#
..#.≈≈≈.......#+###
###...........#


You could see a deep elf mage.

Vanquished Creatures
  A water elemental (D)
  A human (D)
  A wolf (D)
  An ooze (D)
  3 rats (D)
7 creatures vanquished.

Notes
Turn   | Place    | Note
-------+----------+-------------------------------------------
     0 | D        | Baz the Hill Orc Berserker began the quest for the Orb.
     0 | D        | Reached XP level 1. HP: 19/19 MP: 1/1
     7 | D        | Reached skill level 5 in Axes
    38 | D        | Reached ** piety under Trog
    39 | D        | Reached XP level 2. HP: 24/28 MP: 2/2
   102 | D        | Reached skill level 5 in Fighting
   102 | D        | Reached skill level 6 in Axes
   102 | D        | Reached XP level 3. HP: 36/36 MP: 3/3
   423 | D        | Noticed a water elemental
   430 | D        | Killed a water elemental
   430 | D        | Reached *** piety under Trog
   430 | D        | Reached skill level 8 in Axes
   430 | D        | Reached XP level 4. HP: 44/44 MP: 4/4
   519 | D        | Found a glowing silver altar of Zin.
   520 | D        | Found a glowing golden altar of the Shining One.
   520 | D        | Found a white marble altar of Elyvilon.
   520 | D        | Noticed a deep elf mage
   529 | D        | HP: 3/66 [deep elf mage/+2 long sword of holy wrath (11)]
   531 | D        | HP: 1/66 [deep elf mage/+2 long sword of holy wrath (2)]
   535 | D        | Slain by a deep elf mage

Illustrated notes

Levels and vault maps discovered:
D:        dungeon_sprint_mu [sprint_mu_entry_forest, sprint_mu_temple_rooms,
          sprint_mu_d1_horrors, sprint_mu_d2_genie, sprint_mu_d3_branching,
          sprint_mu_orc_legion, sprint_mu_elf_gauntlet, sprint_mu_hive_nellie,
          sprint_mu_lair_fedhas, sprint_mu_vaults_butterflies,
          sprint_mu_slime_circle, sprint_mu_shoals_kraken,
          sprint_mu_snake_twists, sprint_mu_blade_basic,
          sprint_mu_crypt_fortress, sprint_mu_tomb_spiral,
          sprint_mu_vestibule_basic, sprint_mu_gehenna_hellfire,
          sprint_mu_dis_giant, sprint_mu_tartarus_statrot,
          sprint_mu_cocytus_islands, sprint_mu_zot1]

Skill      XL: |  1  2  3 |
---------------+----------+-----
Fighting       | 4 5 6 |  6.2
Axes           | 5 6 8 |  8.3
Armour         | 3 4 |  4.6
Dodging        | 2 3 |  3.4

Action                   |  1- 3 |  4- 6 || total
-------------------------+-------+-------++-------
Melee: Hand axe          |    22 |    13 ||    35
Invok: Berserk           |     3 |     1 ||     4
Armor: Animal skin       |     2 |       ||     2
Dodge: Dodged            |    12 |     2 ||    14

Table legend: (Time is in decaauts)
 A = Elapsed time spent in this place.
 B = Non-inter-level travel time spent in this place.
 C = Inter-level travel time spent in this place.
 D = Time resting spent in this place.
 E = Time spent auto-exploring this place.
 F = Levels seen in this place.
 G = Mean time per level.
                   A        B        C        D        E       F      G
               +--------+--------+--------+--------+--------+-----+--------+
         Total |    564 |    564 |      0 |    455 |      0 |   1 |  564.0 |
       Dungeon |    564 |    564 |      0 |    455 |      0 |   1 |  564.0 |
               +--------+--------+--------+--------+--------+-----+--------+

Top non-repeatable levels by time:
       D: 564 daAuts
